 Dungeon Sprint DCSS version 0.27-a0-1525-g1038ab4fd7 (webtiles) character file.

Game seed: 11432551195322252703

2873 tygod the Severer (level 9, -2/89 HPs)
             Began as a Minotaur Monk on July 11, 2021.
             Was a Believer of Uskayaw.
             Killed from afar by an air elemental (7 damage)
             ... with a stunning burst
             ... in the Dungeon (Sprint V: "Ziggurat Sprint").
             The game lasted 00:06:18 (549 turns).

tygod the Severer (Minotaur Monk)                    Turns: 549, Time: 00:06:18

Health: -2/89      AC: 20    Str: 24    XL:     9   Next: 47%
Magic:  9/9        EV: 16    Int:  7    God:    Uskayaw [**....]
Gold:   0          SH:  0    Dex: 14    Spells: 9/9 levels left

rFire    x . .     SeeInvis .   D - +5 executioner's axe
rCold    . . .     Faith    .   (shield currently unavailable)
rNeg     + + +     Spirit   .   E - +5 storm dragon scales
rPois    +         Reflect  .   (helmet restricted)
rElec    +         Harm     .   G - +1 cloak {Will+}
rCorr    .         Rampage  .   (no gloves)
Will     +....     NoTele   +   (no boots)
Stlth    +.........             (no amulet)
HPRegen  0.24/turn              J - ring of Ipny {rPois rF- rN+++ EV+4 Stlth+}
MPRegen  0.11/turn              x - +6 ring of strength

@: no status effects
A: horns 2, retaliatory headbutt
a: Renounce Religion, Stomp, Line Pass


You were in the Dungeon.
You worshipped Uskayaw.
Uskayaw was noncommittal.
You visited 1 branch

Inventory:

Hand Weapons
 a - a +0 hand axe
 D - a +5 executioner's axe (weapon)
 F - the +6 shillelagh "Devastator" {shatter}
   (You found it in the Dungeon)
Armour
 b - a +0 robe
 E - +5 storm dragon scales (worn)
 G - a +1 cloak of willpower (worn)
Jewellery
 s - a ring of flight
 t - a +6 ring of dexterity
 u - a +6 ring of dexterity
 v - a +6 ring of intelligence
 w - a +6 ring of intelligence
 x - a +6 ring of strength (right hand)
 y - a +6 ring of strength
 J - the ring of Ipny (left hand) {rPois rF- rN+++ EV+4 Stlth+}
   (You found it in the Dungeon)

   [ring of evasion]

   EV:        It affects your evasion (+4).
   rF:        It makes you vulnerable to fire.
   rPois:     It protects you from poison.
   rN:        It renders you almost immune to negative energy.
   Stlth:     It makes you more stealthy.
Wands
 z - a wand of mindburst (7)
 A - a wand of iceblast (7)
 B - a wand of acid (17)
Scrolls
 h - 4 scrolls of blinking
 n - 4 scrolls of amnesia
 o - 7 scrolls of fog
 p - a scroll of holy word
 q - 5 scrolls of identify
 r - 2 scrolls of fear
Potions
 c - 11 potions of curing
 d - 12 potions of heal wounds
 e - 6 potions of haste
 f - 7 potions of magic
 g - 3 potions of berserk rage
 i - 2 potions of brilliance
 j - 2 potions of invisibility
 k - 4 potions of resistance
 m - 5 potions of might
Miscellaneous
 l - a piece from Xom's chessboard (15/15)
 C - a lightning rod (4/4)
 H - a tin of tremorstones (2/2)
 I - a phial of floods


   Skills:
 + Level 11.3 Fighting
 + Level 1.3(1.7) Short Blades
 + Level 1.5(1.9) Long Blades
 + Level 15.7(15.8) Axes
 + Level 1.5(10.7) Maces & Flails
 + Level 1.5(10.7) Polearms
 + Level 1.5(2.2) Staves
 + Level 1.3(1.7) Slings
 + Level 1.3 Bows
 + Level 1.3 Crossbows
 + Level 1.2(1.5) Throwing
 + Level 7.7 Armour
 + Level 9.1 Dodging
 + Level 7.0 Stealth
 + Level 1.5 Shields
 + Level 2.3 Unarmed Combat
 + Level 0.7 Spellcasting
 + Level 0.8 Conjurations
 + Level 0.7 Hexes
 + Level 0.8 Summonings
 + Level 0.8 Necromancy
 + Level 0.8 Translocations
 + Level 1.0 Transmutations
 + Level 0.8 Fire Magic
 + Level 0.8 Ice Magic
 + Level 0.8 Air Magic
 + Level 1.0 Earth Magic
 + Level 0.8 Poison Magic
 + Level 1.8 Invocations
 + Level 1.7 Evocations


You had 9 spell levels left.
You didn't know any spells.
Your spell library contained the following spells:

 Spells                   Type           Power      Damage    Failure   Level
 Beastly Appendage        Tmut           2%         N/A       86%         1
 Magic Dart               Conj           4%         1d3       88%         1
 Searing Ray              Conj           2%         3d3       95%         2
 Wereblood                Tmut           1%         N/A       95%         2
 Spider Form              Tmut/Pois      0%         N/A       99%         3
 Fulminant Prism          Conj/Hex       0%         3d6       100%        4
 Summon Ice Beast         Ice/Summ       1%         N/A       100%        4
 Summon Mana Viper        Hex/Summ       1%         N/A       100%        5
 Monstrous Menagerie      Summ           0%         N/A       100%        7
 Chain Lightning          Conj/Air       0%         2d1       100%        9
 Fire Storm               Conj/Fire      0%         6d1       100%        9


Dungeon Overview and Level Annotations

Branches:
Dungeon (1/1)

Altars:
Ashenzari
Cheibriados
Dithmenos
Elyvilon
Fedhas
Gozag
Hepliaklqana
Kikubaaqudgha
Makhleb
Nemelex Xobeh
Okawaru
Qazlal
Ru
Sif Muna
Trog
Uskayaw
Vehumet
Wu Jian
Xom
Yredelemnul
Zin
The Shining One
Beogh
Jiyva
Lugonu

Annotations:
D 1 transporter


Innate Abilities, Weirdness & Mutations

You have a pair of horns on your head.
You reflexively headbutt those who attack you in melee.


Message History

The stunning burst hits the air elemental.
The air elemental completely resists.
The air elemental fires a burst of electricity at you.
The stunning burst hits you. You resist.
* * * LOW HITPOINT WARNING * * *
The air elemental fires a burst of electricity at you.
The stunning burst misses you.
The air elemental hits you but does no damage.
The air elemental hits you.
* * * LOW HITPOINT WARNING * * *
The air elemental hits you!
* * * LOW HITPOINT WARNING * * *
The air elemental closely misses you.
The air elemental completely misses you.
The air elemental closely misses you.
Unknown command.
Unknown command.
You closely miss the air elemental. Your headbutt misses the air elemental.
The air elemental is heavily damaged.
You barely miss the air elemental. You closely miss the air elemental.
You completely miss the air elemental. You hit the air elemental.
The air elemental closely misses you.
The air elemental fires a burst of electricity at you.
The stunning burst hits you but does no damage.
You shrug off the repeated paralysis!
The stunning burst hits the air elemental.
The air elemental completely resists.
The air elemental closely misses you. The air elemental misses you.
The air elemental hits you but does no damage.
The air elemental hits you.
* * * LOW HITPOINT WARNING * * *
The air elemental hits you but does no damage.
The air elemental hits you!
* * * LOW HITPOINT WARNING * * *
The air elemental closely misses you.
The air elemental hits you but does no damage.
The air elemental barely misses you.
The air elemental fires a burst of electricity at you.
The stunning burst hits you! You resist.
You shrug off the repeated paralysis!
You die...

▓▓▓▓▓▓▓▓▓
▓..8©8..▓
▓..[[=..▓
▓..}[=..▓
▓.......▓
▓.......▓
▓...E...▓
▓..EEE..▓
▓..E@E..▓
▓...©...▓
▓▓▓▓▓▓▓▓▓


You could see 6 air elementals.

Vanquished Creatures
  Erolcha (D)
  Erica (D)
  Joseph (D)
  Grinder (D)
  Grum (D)
  Eustachio (D)
  A golden eye (D)
  A hell hound (D)
  Duvessa (D)
  A floating eye (D)
  Blork the orc (D)
  2 crimson imps (D)
  Crazy Yiuf (D)
  An iguana (D)
  Ijyb (D)
  A river rat (D)
  2 shadow imps (D)
  An adder skeleton (D)
  A bat skeleton (D)
  An endoplasm (D)
  2 jackals (D)
24 creatures vanquished.

Notes
Turn   | Place    | Note
-------+----------+-------------------------------------------
     0 | D        | tygod the Minotaur Monk began the quest for the Orb.
     0 | D        | Reached XP level 1. HP: 19/19 MP: 0/0
     0 | D        | Found a blossoming altar of Fedhas.
     1 | D        | Found the +6 Majin-Bo {vamp, MP+6 Int+6}
     1 | D        | Found the +9 heavy crossbow "Sniper" {vorpal, Acc+∞ SInv}
     1 | D        | Found the +10 dark maul {vorpal}
     1 | D        | Found the +15 Maxwell's patent armour {-Cast -Tele rElec
                  | Will+ rCorr}
     1 | D        | Found the +18 shield of the Gong {rElec rN+ Will+ EV-5}
     1 | D        | Found the +14 obsidian axe {vorpal, Drain Fly SInv}
     1 | D        | Found the +7 great mace "Firestarter" {inner flame, rF++}
     1 | D        | Found the +6 shillelagh "Devastator" {shatter}
     1 | D        | Found the +11 plutonium sword {Contam Stlth-}
     1 | D        | Found the +8 lance "Wyrmbane" {slay drac, rPois rF+ rC+
                  | AC+3}
     1 | D        | Found the +9 sword of Zonguldrok {reap}
     1 | D        | Found the +13 scythe of Curses {drain, Drain}
     1 | D        | Found the +5 sword of Power {vorpal}
     1 | D        | Found the +7 mace of Variability {chain chaos}
     1 | D        | Found the +7 Singing Sword {vorpal, sonic wave}
     1 | D        | Found the +8 storm bow {elec, penet}
     1 | D        | Found a shimmering blue altar of Sif Muna.
     1 | D        | Found a sacrificial altar of Ru.
     1 | D        | Found a bloodstained altar of Trog.
     1 | D        | Found a stormy altar of Qazlal.
     1 | D        | Found an iron altar of Okawaru.
     1 | D        | Found a sparkling altar of Nemelex Xobeh.
     3 | D        | Found a transporter.
     3 | D        | Found an ancient bone altar of Kikubaaqudgha.
     3 | D        | Found a viscous altar of Jiyva.
     3 | D        | Found a corrupted altar of Lugonu.
     3 | D        | Found a hazy altar of Hepliaklqana.
     3 | D        | Found a burning altar of Makhleb.
     3 | D        | Found an opulent altar of Gozag.
    82 | D        | Became a worshipper of Uskayaw the Reveller
    82 | D        | Reached * piety under Uskayaw
   101 | D        | Entered arena 2.
   101 | D        | Noticed a crimson imp
   101 | D        | Found a transporter.
   107 | D        | Reached ** piety under Uskayaw
   111 | D        | Reached *** piety under Uskayaw
   112 | D        | Reached skill level 4 in Axes
   112 | D        | Killed a crimson imp
   112 | D        | Reached **** piety under Uskayaw
   113 | D        | Reached skill level 5 in Fighting
   113 | D        | Reached skill level 6 in Axes
   113 | D        | Reached skill level 5 in Dodging
   113 | D        | Reached XP level 2. HP: 5/29 MP: 1/1
   113 | D        | Reached XP level 3. HP: 6/36 MP: 2/2
   362 | D        | Reached skill level 1 in Short Blades
   362 | D        | Reached skill level 1 in Long Blades
   362 | D        | Reached skill level 1 in Maces & Flails
   362 | D        | Reached skill level 1 in Polearms
   362 | D        | Reached skill level 1 in Staves
   362 | D        | Reached skill level 1 in Slings
   362 | D        | Reached skill level 1 in Bows
   362 | D        | Reached skill level 1 in Crossbows
   362 | D        | Reached skill level 1 in Throwing
   362 | D        | Reached skill level 1 in Shields
   362 | D        | Reached skill level 1 in Transmutations
   362 | D        | Reached skill level 1 in Earth Magic
   362 | D        | Reached skill level 1 in Invocations
   362 | D        | Reached skill level 1 in Evocations
   362 | D        | Reached XP level 4. HP: 44/44 MP: 2/4
   385 | D        | Entered arena 3.
   385 | D        | Noticed a floating eye
   385 | D        | Noticed a golden eye
   385 | D        | Found a transporter.
   386 | D        | Paralysed by a floating eye for 2 turns
   389 | D        | Killed a floating eye
   390 | D        | Reached skill level 7 in Axes
   390 | D        | Reached XP level 5. HP: 51/51 MP: 5/5
   390 | D        | Killed a golden eye
   391 | D        | Reached skill level 9 in Axes
   391 | D        | Reached XP level 6. HP: 61/61 MP: 6/6
   402 | D        | Entered arena 4.
   402 | D        | Found a transporter.
   415 | D        | Entered arena 5.
   415 | D        | Noticed Blork the orc
   415 | D        | Noticed Crazy Yiuf
   415 | D        | Noticed Duvessa
   415 | D        | Noticed Erica
   415 | D        | Found a transporter.
   424 | D        | Killed Duvessa
   425 | D        | Reached skill level 10 in Axes
   425 | D        | Killed Erica
   425 | D        | Killed Crazy Yiuf
   426 | D        | Reached skill level 12 in Axes
   426 | D        | Reached skill level 5 in Stealth
   426 | D        | Reached XP level 7. HP: 51/71 MP: 4/7
   426 | D        | Reached XP level 8. HP: 57/79 MP: 4/8
   428 | D        | Killed Blork the orc
   428 | D        | Reached ***** piety under Uskayaw
   429 | D        | Reached skill level 10 in Fighting
   482 | D        | Entered arena 6.
   482 | D        | Found a transporter.
   491 | D        | Reached skill level 5 in Armour
   492 | D        | Reached skill level 13 in Axes
   506 | D        | Entered arena 7.
   506 | D        | Noticed Erolcha
   506 | D        | Noticed Eustachio
   506 | D        | Noticed Grum
   506 | D        | Noticed Grinder
   506 | D        | Noticed Ijyb
   506 | D        | Noticed Joseph
   508 | D        | Found a transporter.
   512 | D        | Killed Grinder
   514 | D        | Killed Eustachio
   514 | D        | Killed Ijyb
   515 | D        | Killed Grum
   515 | D        | Killed Joseph
   515 | D        | Killed Erolcha
   516 | D        | Reached skill level 15 in Axes
   516 | D        | Reached XP level 9. HP: 27/89 MP: 9/9
   534 | D        | Got the ring of Ipny {rPois rF- rN+++ EV+4 Stlth+}
   541 | D        | Entered arena 8.
   541 | D        | Paralysed by an air elemental for 1 turns
   542 | D        | Found a transporter.
   543 | D        | HP: 4/89 [air elemental (1)]
   544 | D        | Paralysed by an air elemental for 1 turns
   546 | D        | Paralysed by an air elemental for 1 turns
   549 | D        | Killed from afar by an air elemental

Illustrated notes

Levels and vault maps discovered:
D:        sprint_v [room_start, room_1, room_2, room_3, room_4, room_5, room_6,
          room_7, room_8, room_9, room_10, room_11, room_12, room_13, room_14,
          room_15, room_16, room_17, room_18, room_19, room_20, room_21,
          room_22, room_23, room_24, room_25, room_26, room_27]

Skill      XL: |  1  2  3  4  5  6  7  8 |
---------------+-------------------------+-----
Fighting       | 5 6 8 9 11 | 11.3
Axes           | 6 7 9 12 15 | 15.7
Dodging        | 5 6 7 8 9 |  9.1
Stealth        | 2 3 5 7 |  7.0
Short Blades   | 1 |  1.3
Long Blades    | 1 |  1.5
Maces & Flails | 1 |  1.5
Polearms       | 1 |  1.5
Staves         | 1 |  1.5
Slings         | 1 |  1.3
Bows           | 1 |  1.3
Crossbows      | 1 |  1.3
Throwing       | 1 |  1.2
Armour         | 2 3 4 7 |  7.7
Shields        | 1 |  1.5
Unarmed Combat | 2 |  2.3
Transmutations | 1 |  1.0
Earth Magic    | 1 |  1.0
Invocations    | 1 |  1.8
Evocations     | 1 |  1.7
Spellcasting   | |  0.7
Conjurations   | |  0.8
Hexes          | |  0.7
Summonings     | |  0.8
Necromancy     | |  0.8
Translocations | |  0.8
Fire Magic     | |  0.8
Ice Magic      | |  0.8
Air Magic      | |  0.8
Poison Magic   | |  0.8

Action                   |  1- 3 |  4- 6 |  7- 9 || total
-------------------------+-------+-------+-------++-------
Melee: Executioner's axe |    11 |    12 |    17 ||    40
       Headbutt          |     3 |     1 |     5 ||     9
Evoke: Lightning rod     |       |       |     1 ||     1
       Tin of tremorston |       |       |     1 ||     1
  Use: Potion            |     1 |       |     4 ||     5
 Stab: Paralysed         |     1 |     2 |     5 ||     8
Armor: Storm dragon scal |     9 |    15 |    54 ||    78
Dodge: Dodged            |     3 |    14 |    41 ||    58

Table legend: (Time is in decaauts)
 A = Elapsed time spent in this place.
 B = Non-inter-level travel time spent in this place.
 C = Inter-level travel time spent in this place.
 D = Time resting spent in this place.
 E = Time spent auto-exploring this place.
 F = Levels seen in this place.
 G = Mean time per level.
                   A        B        C        D        E       F      G
               +--------+--------+--------+--------+--------+-----+--------+
         Total |    568 |    568 |      0 |    294 |      0 |   1 |  568.0 |
       Dungeon |    568 |    568 |      0 |    294 |      0 |   1 |  568.0 |
               +--------+--------+--------+--------+--------+-----+--------+

Top non-repeatable levels by time:
       D: 568 daAuts
